 Dungeon Crawl Stone Soup version 0.27-a0-965-gbf8bb431c4 (webtiles) character file.

Game seed: 7262164549600136118

7 robertstho the Magician (level 2, -13/21 HPs)
             Began as a Djinni Fire Elementalist on Apr 12, 2021.
             Mangled by Jessica
             ... wielding a +6 club
              (14 damage)
             ... on level 2 of the Dungeon.
             The game lasted 00:00:25 (157 turns).

robertstho the Magician (Djinni Fire Elementalist)   Turns: 157, Time: 00:00:26

Health: -13/21     AC:  2    Str:  7    XL:     2   Next: 0%
Gold:   14         EV: 12    Int: 16    God:
                   SH:  0    Dex: 13

rFire    + + .     SeeInvis .   (no weapon)
rCold    x . .     Faith    .   (no shield)
rNeg     . . .     Spirit   .   a - +0 robe
rPois    ∞         Reflect  .   (no helmet)
rElec    .         Harm     .   (no cloak)
rCorr    .         Rampage  .   (no gloves)
Will     .....                  (boots unavailable)
Stlth    +.........             (no amulet)
HPRegen  0.07/turn              (no ring)
MPRegen  0.00/turn              (no ring)

@: silenced, flying, very slightly contaminated
A: fire resistance 2, cold vulnerability 1, float, innate caster, hp casting,
extra vitality 1
a: no special abilities


You were on level 2 of the Dungeon.
You visited 1 branch of the dungeon, and saw 2 of its levels.

You collected 14 gold pieces.

Inventory:

Armour
 a - a +0 robe (worn)
Potions
 c - a potion of invisibility {unknown}


   Skills:
 + Level 2.2 Dodging
 + Level 1.6 Stealth
 + Level 3.0 Spellcasting


You couldn't memorise any spells.
You knew the following spells:

 Your Spells              Type           Power      Damage    Failure   Level
a - Foxfire               Conj/Fire      48%        2x1d6     5%          1
b - Conjure Flame         Conj/Fire      12%        6-21      16%         3
c - Inner Flame           Hex/Fire       12%        N/A       16%         3
d - Sticky Flame          Conj/Fire      12%        2d4       47%         4
e - Fireball              Conj/Fire      6%         3d5       83%         5
Your spell library was empty.

Dungeon Overview and Level Annotations

Branches:
Dungeon (1/15)

Altars:

Annotations:
D:2 Jessica


Innate Abilities, Weirdness & Mutations

You are immune to poison.
Your flesh is very heat resistant. (rF++)
You are vulnerable to cold. (rC-)
You float through the air rather than walking.
You learn spells naturally, not from books.
Your magical power is your life essence.
You have superior vitality. (+4 HP)


Message History

Jessica shouts!
You hear a shout!
A kobold comes into view. It is wielding a +0 short sword.
An endoplasm comes into view.
The foxfire hits the goblin.
You kill the goblin!
The foxfire hits Jessica.
Jessica is lightly wounded.
The bat closely misses you.
Your Spellcasting skill increases to level 3!
Casting: Foxfire (safe; 5% risk of failure)
Confirm with . or Enter, or press ? or * to list all spells.
You conjure some foxfire!
The foxfire hits the bat.
You kill the bat!
An adder comes into view.
You have reached level 2!
Casting: Foxfire (safe; 5% risk of failure)
Confirm with . or Enter, or press ? or * to list all spells.
You miscast Foxfire.
You are very lightly contaminated with residual magic.
Nothing appears to happen.
The foxfire hits the endoplasm.
The endoplasm is almost dead.
Jessica hits you with a +6 club.
Casting: Foxfire (safe; 5% risk of failure)
Confirm with . or Enter, or press ? or * to list all spells.
You conjure some foxfire!
Jessica barely misses you. The endoplasm freezes you.
You are frozen.
You feel a terrible chill!
The foxfire hits the kobold but does no damage.
The foxfire hits the kobold but does no damage.
Jessica barely misses you. The endoplasm freezes you.
You are frozen.
You feel a terrible chill!
* * * LOW HITPOINT WARNING * * *
Unknown command.
Unknown command.
As you read the scroll labelled WILAWI AXAOGO, it crumbles to dust.
A profound silence engulfs you.
It was a scroll of silence.
Jessica hits you with a +6 club!
Ouch! That really hurt!
You die...

#. #.##
#... #..#
#... #..#
$#
#J@##$[#
#.@K..#
#..S)#....
####.# #
$.. ###


You could see an adder, Jessica, an endoplasm and a kobold.

Vanquished Creatures
  A ball python (D:1)
  2 goblins
  A hobgoblin (D:1)
  A bat (D:2)
  A rat (D:1)
6 creatures vanquished.

Vanquished Creatures (others)
  15 foxfires
15 creatures vanquished.

Grand Total: 21 creatures vanquished

Notes
Turn   | Place    | Note
-------+----------+-------------------------------------------
     0 | D:1      | robertstho the Djinni Fire Elementalist began the quest for
                  | the Orb.
     0 | D:1      | Reached XP level 1. HP: 15/15 MP: 0/0
   150 | D:1      | You are sucked into a shaft and drop 1 floor!
   151 | D:2      | Noticed Jessica
   153 | D:2      | Reached skill level 3 in Spellcasting
   154 | D:2      | Reached XP level 2. HP: 19/21 MP: 0/0
   156 | D:2      | HP: 1/21 [endoplasm/Freeze (6)]
   157 | D:2      | Mangled by Jessica

Illustrated notes

Levels and vault maps discovered:
D:1:      lemuel_arrival_lava_pool, layout_rooms, minmay_stone_trees_medium
D:2:      layout_basic, minmay_tromino_v7, uniq_terence, uniq_natasha,
          uniq_jessica

Skill      XL: |  1 |
---------------+----+-----
Spellcasting   | 3 |  3.0
Dodging        | |  2.2
Stealth        | |  1.6

Action                   || total
-------------------------++-------
 Cast: Foxfire           ||     9
  Use: Scroll            ||     1
Armor: Robe              ||     1
Dodge: Dodged            ||     3

Table legend: (Time is in decaauts)
 A = Elapsed time spent in this place.
 B = Non-inter-level travel time spent in this place.
 C = Inter-level travel time spent in this place.
 D = Time resting spent in this place.
 E = Time spent auto-exploring this place.
 F = Levels seen in this place.
 G = Mean time per level.
                   A        B        C        D        E       F      G
               +--------+--------+--------+--------+--------+-----+--------+
         Total |    156 |    156 |      0 |      0 |    116 |   2 |   78.0 |
       Dungeon |    156 |    156 |      0 |      0 |    116 |   2 |   78.0 |
               +--------+--------+--------+--------+--------+-----+--------+

Top non-repeatable levels by time:
     D:1: 150 daAuts
     D:2: 6 daAuts
